Match 45677810
Unlisted

Match 45677810
End
Scout Squad
Construct Barracks
Riflemen Squad
Riflemen Squad
Selects Advanced Infantry Battlegroup
Riflemen Squad
Infantry Support Center
Construct Medical Station
Selects Convert to Ranger Squad
Convert to Ranger Squad
Construct Motor Pool
Grenade Package
M1 Anti-tank Gun Team
M8 Greyhound Armored Car
Selects Designate Assault Position
Ranger Squad
Engineer Squad
Selects Infantry Assault
Construct Tank Depot
M4A1 Sherman Medium Tank
Infantry Assault
Designate Assault Position
M4A1 Sherman Medium Tank
Selects Ammunition Storage
Selects M2A1 105mm Howitzer Emplacement
Selects 155mm Rapid Artillery Barrage
M1 Anti-tank Gun Team
Survival Training
Engineer Squad
Infantry Assault
M18 Hellcat Tank Destroyer
Infantry Assault
Captain Retinue
Designate Assault Position
♠♣ Kvothe ♠♣
Pretoriano064
0
0

Comments sign in to comment!

No comments posted yet!